 Dungeon Crawl Stone Soup version 0.17-a0-1651-gae1a69f (webtiles) character file.

1316 LilCorpsy the Carver (level 8, -4/62 HPs)
             Began as a Hill Orc Gladiator on Aug 14, 2015.
             Slain by a centaur (9 damage)
             ... on level 5 of the Dungeon.
             The game lasted 00:11:12 (7439 turns).

LilCorpsy the Carver (Hill Orc Gladiator)           Turns: 7439, Time: 00:11:12

Health: -4/62      AC:  7    Str: 20    XL:     8   Next: 59%
Magic:  8/8        EV:  9    Int:  8    God:
Gold:   302        SH:  7    Dex: 11    Spells: 0 memorised, 7 levels left

rFire  . . .     SeeInvis .     a - +0 long sword
rCold  . . .     Clarity  .     b - +0 leather armour
rNeg   . . .     SustAt   .     k - +0 shield (curse)
rPois  .         Gourm    .     c - +0 helmet
rElec  .         Spirit   .     u - +0 cloak
rCorr  .         Warding  .     o - +0 pair of gloves
rMut   .         Stasis   .     (no boots)
MR     .....                    (no amulet)
Stlth  +.........               (no ring)
                                (no ring)

@: not resistant to hostile enchantments, very unstealthy
A: no striking features
a: no special abilities


You were on level 5 of the Dungeon.
You were not hungry.

You visited 1 branch of the dungeon, and saw 5 of its levels.

You collected 302 gold pieces.

Inventory:

Hand weapons
 a - a +0 long sword (weapon)
Armour
 b - a +0 leather armour (worn)
 c - a +0 helmet (worn)
 k - a cursed +0 shield (worn)
 o - a +0 pair of gloves (worn)
 u - a +0 cloak (worn)
Magical staves
 r - an uncursed staff of summoning {unknown}
Magical devices
 v - a wand of disintegration (15)
 w - a wand of flame (25)
Scrolls
 d - a scroll of magic mapping {unknown}
 f - a scroll of fog {unknown}
 g - 5 scrolls of teleportation {unknown}
 i - a scroll of enchant weapon {unknown}
 j - 3 scrolls of identify {unknown}
 l - a scroll of noise {unknown}
 m - 3 scrolls of remove curse {unknown}
 p - 3 scrolls of blinking {unknown}
 s - a scroll of enchant armour {unknown}
 t - a scroll of random uselessness {unknown}
Potions
 h - 2 potions of curing
 n - a potion of brilliance
Comestibles
 e - 5 bread rations
 q - 8 fruits


   Skills:
 - Level 2.4 Fighting
 - Level 10.0 Long Blades
 - Level 2.0 Throwing
 + Level 5.5 Armour
 - Level 2.4 Dodging


You had 7 spell levels left.
You didn't know any spells.

Dungeon Overview and Level Annotations

Branches:
Dungeon (5/15)
 Temple: D:4-7

Altars:


Message History

* * * LOW HITPOINT WARNING * * *
The centaur hits you.
* * * LOW HITPOINT WARNING * * *
You hit the centaur.
The centaur is moderately wounded.
The centaur hits you.
* * * LOW HITPOINT WARNING * * *
You hit the centaur but do no damage.
The centaur is moderately wounded.
You block the centaur's attack.
The centaur hits you but does no damage.
You hit the centaur.
The centaur is heavily wounded.
The centaur hits you.
* * * LOW HITPOINT WARNING * * *
You block the centaur's attack.
You hit the centaur.
The centaur is heavily wounded.
The centaur hits you!
You die...

..# #............#. #
#.###.[.........##. .##.
#.##............... ....##
#.##..........##...
.)....####............# #...
......................######..
......................###.....
............c....####.........
............)@..## #..######.. ..
...........)...####.## ##.. ...
.............(.##.## #... ...#
####..........(...# ##... ....#
##..........(..## ##..#. .....##
#.##.........).(####..#..
......###.##...รท......(.(##......
..##......##...........#.(.......
........#..#.....................


You could see a centaur.

Vanquished Creatures
  A hungry ghost (D:5)
  A centaur (D:5)
  An ogre (D:4)
  A phantom (D:5)
  3 big kobolds (D:3)
  A giant frog (D:4)
  2 orc wizards
  A jelly (D:5)
  Jessica (D:3)
  2 orc priests (D:4)
  3 iguanas
  6 worker ants
  9 gnolls (D:3)
  3 adders
  3 worms
  3 giant geckos
  7 orcs
  A giant cockroach (D:1)
  41 goblins
  28 hobgoblins
  2 jackals
  A quokka (D:2)
  4 ball pythons
  14 bats
  A giant gecko skeleton (D:5)
  3 giant newts (D:1)
  9 kobolds
  11 rats
163 creatures vanquished.

Notes
Turn   | Place    | Note
--------------------------------------------------------------
     0 | D:1      | LilCorpsy the Hill Orc Gladiator began the quest for the Orb.
     0 | D:1      | Reached XP level 1. HP: 18/18 MP: 1/1
   299 | D:1      | Reached XP level 2. HP: 25/25 MP: 2/2
   313 | D:1      | Reached skill level 4 in Long Blades
  1043 | D:1      | Reached XP level 3. HP: 30/30 MP: 3/3
  1516 | D:2      | Reached skill level 5 in Long Blades
  2131 | D:3      | Reached XP level 4. HP: 35/37 MP: 4/4
  2603 | D:3      | Noticed Jessica
  2608 | D:3      | Killed Jessica
  2813 | D:3      | Reached skill level 6 in Long Blades
  2818 | D:3      | Reached XP level 5. HP: 26/42 MP: 5/5
  3630 | D:3      | Noticed a big kobold
  3630 | D:3      | Noticed a big kobold
  3630 | D:3      | Noticed a big kobold
  3637 | D:3      | Killed a big kobold
  3637 | D:3      | Reached skill level 7 in Long Blades
  3637 | D:3      | Reached XP level 6. HP: 39/50 MP: 6/6
  3668 | D:3      | Killed a big kobold
  3679 | D:3      | Killed a big kobold
  3679 | D:3      | Reached skill level 8 in Long Blades
  3688 | D:3      | Reached XP level 7. HP: 19/56 MP: 7/7
  4772 | D:4      | Reached skill level 9 in Long Blades
  5884 | D:4      | Reached skill level 10 in Long Blades
  5919 | D:4      | Reached XP level 8. HP: 34/62 MP: 8/8
  6074 | D:4      | Reached skill level 1 in Armour
  6565 | D:5      | Entered Level 5 of the Dungeon
  7226 | D:5      | Reached skill level 5 in Armour
  7439 | D:5      | Slain by a centaur

Vault maps used:
D:1:      dpeg_arrival_subterranean_lakeside_camping
D:2:      first_bread, minivault_24
D:3:      minmay_goblin_kobold_castle, uniq_jessica
D:5:      minmay_temple_entry_trees

Action                   |  1- 3 |  4- 6 |  7- 9 || total
-------------------------+-------+-------+-------++-------
Melee: Long sword        |   154 |   200 |   270 ||   624
Throw: Throwing net      |       |     3 |     1 ||     4
  Use: Potion            |       |     6 |     2 ||     8
 Stab: Held in net/web   |       |     7 |       ||     7
  Eat: Royal jelly       |     1 |       |       ||     1
       Pizza             |     1 |       |       ||     1
       Beef jerky        |       |     1 |       ||     1
       Meat ration       |       |     1 |     3 ||     4
       Bread ration      |       |       |     1 ||     1
